[Event "FICS rated blitz game"]
[Site "FICS freechess.org"]
[FICSGamesDBGameNo "20001657"]
[White "ivolvo"]
[Black "corvallao"]
[WhiteElo "1474"]
[BlackElo "1573"]
[WhiteRD "na"]
[BlackRD "na"]
[TimeControl "180+12"]
[Date "1999.09.06"]
[Time "22:42:00"]
[WhiteClock "0:03:00.000"]
[BlackClock "0:03:00.000"]
[ECO "B42"]
[PlyCount "61"]
[Result "1/2-1/2"]

1. e4 c5 2. Nf3 e6 3. d4 cxd4 4. Nxd4 a6 5. Bd3 Qc7 6. O-O Bc5 7. c3 Ne7 8. Be3 O-O 9. Nd2 b6 10. Qg4 Ng6 11. f4 Bb7 12. Kh1 d5 13. f5 exf5 14. exf5 Ne5 15. Bf4 Nbd7 16. Qh4 Bd6 17. Bc2 Nf6 18. N2f3 Nxf3 19. Bxd6 Qxd6 20. Rxf3 Rae8 21. Rg3 Re5 22. Qh6 g6 23. fxg6 fxg6 24. Rxg6+ hxg6 25. Qxg6+ Kh8 26. Qh6+ Kg8 27. Qg6+ Kh8 28. Qh6+ Kg8 29. Qg6+ Kh8 30. Qh6+ Kg8 31. Qg6+ {Game drawn by repetition} 1/2-1/2

[Event "FICS rated blitz game"]
[Site "FICS freechess.org"]
[FICSGamesDBGameNo "20001655"]
[White "vessoj"]
[Black "lebber"]
[WhiteElo "1863"]
[BlackElo "1724"]
[WhiteRD "na"]
[BlackRD "na"]
[TimeControl "180+0"]
[Date "1999.09.06"]
[Time "20:50:00"]
[WhiteClock "0:03:00.000"]
[BlackClock "0:03:00.000"]
[ECO "A00"]
[PlyCount "62"]
[Result "0-1"]

1. a3 e5 2. e4 d6 3. Bc4 f5 4. exf5 Bxf5 5. Ne2 d5 6. Ba2 c5 7. O-O c4 8. d3 cxd3 9. cxd3 d4 10. Ng3 Bg6 11. Ne4 Nf6 12. Bg5 Be7 13. Nbd2 Nxe4 14. Bxe7 Qxe7 15. Nxe4 Nc6 16. f4 Bxe4 17. dxe4 exf4 18. Rxf4 O-O-O 19. Rf7 Qc5 20. Kh1 d3 21. Qg4+ Kb8 22. b4 Nxb4 23. axb4 Qxb4 24. Bd5 Rxd5 25. Qxg7 Rdd8 26. h3 d2 27. Rd1 Qxe4 28. Rff1 Rhg8 29. Qxg8 Rxg8 30. Rg1 Qe2 31. Kh2 a5 {White resigns} 0-1

[Event "FICS rated blitz game"]
[Site "FICS freechess.org"]
[FICSGamesDBGameNo "20001654"]
[White "ApaKabar"]
[Black "mackadee"]
[WhiteElo "1200"]
[BlackElo "1185"]
[WhiteRD "na"]
[BlackRD "na"]
[TimeControl "240+15"]
[Date "1999.09.06"]
[Time "19:17:00"]
[WhiteClock "0:04:00.000"]
[BlackClock "0:04:00.000"]
[ECO "A40"]
[PlyCount "27"]
[Result "1-0"]

1. d4 c6 2. c4 e6 3. Nc3 Bb4 4. Bd2 c5 5. e3 cxd4 6. exd4 Qb6 7. c5 Qc6 8. Nf3 d6 9. Bb5 Qxb5 10. Nxb5 Bxd2+ 11. Qxd2 Na6 12. Nxd6+ Ke7 13. Ne5 f6 14. Nf3 {Black resigns} 1-0

[Event "FICS rated blitz game"]
[Site "FICS freechess.org"]
[FICSGamesDBGameNo "20001653"]
[White "vieque"]
[Black "vatnisse"]
[WhiteElo "1545"]
[BlackElo "1411"]
[WhiteRD "na"]
[BlackRD "na"]
[TimeControl "180+12"]
[Date "1999.09.06"]
[Time "18:05:00"]
[WhiteClock "0:03:00.000"]
[BlackClock "0:03:00.000"]
[ECO "B16"]
[PlyCount "72"]
[Result "0-1"]

1. e4 c6 2. d4 d5 3. Nc3 dxe4 4. Nxe4 Nf6 5. Nxf6+ gxf6 6. Nf3 Bf5 7. Bd3 Bxd3 8. Qxd3 Nd7 9. Bf4 e6 10. O-O-O Qa5 11. Kb1 O-O-O 12. Bd2 Bb4 13. Bxb4 Qxb4 14. c3 Qb6 15. Qc4 Rhg8 16. g3 Kb8 17. Nd2 Rg5 18. f4 Rb5 19. Nb3 a5 20. Rd2 f5 21. Rhd1 Nf6 22. Nc5 Nd5 23. Re2 Qc7 24. Ka1 Nb6 25. Qd3 Rxc5 26. Qc2 Rcd5 27. Red2 Nc4 28. Rd3 R8d7 29. b3 Nb6 30. c4 R5d6 31. c5 Rd5 32. cxb6 Qxb6 33. Qc4 Qd8 34. Kb2 c5 35. Kc3 cxd4+ 36. Rxd4 Rc7 {White resigns} 0-1

[Event "FICS rated blitz game"]
[Site "FICS freechess.org"]
[FICSGamesDBGameNo "20001651"]
[White "chestmaster"]
[Black "perdido"]
[WhiteElo "1366"]
[BlackElo "982"]
[WhiteRD "na"]
[BlackRD "na"]
[TimeControl "300+12"]
[Date "1999.09.06"]
[Time "18:01:00"]
[WhiteClock "0:05:00.000"]
[BlackClock "0:05:00.000"]
[ECO "C24"]
[PlyCount "53"]
[Result "1-0"]

1. e4 e5 2. Bc4 Nf6 3. d4 Qe7 4. dxe5 Qxe5 5. Ne2 Nxe4 6. O-O Bd6 7. f4 Qc5+ 8. Qd4 Qxd4+ 9. Nxd4 Bc5 10. Be3 O-O 11. Re1 Re8 12. c3 d6 13. Nb5 Na6 14. Bxc5 dxc5 15. Nd2 Bf5 16. Nf3 c6 17. Na3 b5 18. Nxb5 cxb5 19. Bxb5 Re6 20. h3 Rb6 21. a4 Nc7 22. Bd3 Re8 23. g4 Ng3 24. Rxe8+ Nxe8 25. gxf5 Rxb2 26. Re1 Rb3 27. Rxe8# {Black checkmated} 1-0

[Event "FICS rated blitz game"]
[Site "FICS freechess.org"]
[FICSGamesDBGameNo "20001650"]
[White "pastene"]
[Black "kupkem"]
[WhiteElo "1101"]
[BlackElo "1228"]
[WhiteRD "na"]
[BlackRD "na"]
[TimeControl "180+12"]
[Date "1999.09.06"]
[Time "17:46:00"]
[WhiteClock "0:03:00.000"]
[BlackClock "0:03:00.000"]
[ECO "C44"]
[PlyCount "64"]
[Result "0-1"]

1. e4 e5 2. Nf3 Nc6 3. Bc4 Bc5 4. d4 exd4 5. Ng5 d5 6. exd5 Ne5 7. b3 Nxc4 8. bxc4 Nf6 9. O-O O-O 10. Qd3 h6 11. Nf3 c6 12. dxc6 bxc6 13. Ne5 Qd6 14. Nxf7 Rxf7 15. Bxh6 gxh6 16. Qg6+ Kf8 17. Qxh6+ Ke8 18. Re1+ Kd7 19. Qh3+ Kc7 20. Qd3 Bb7 21. Nc3 dxc3 22. Rab1 Qxd3 23. Rb2 Qxc4 24. Reb1 Rb8 25. Rxb7+ Rxb7 26. Rxb7+ Kxb7 27. g3 Qxa2 28. h4 Qxc2 29. Kg2 Qxf2+ 30. Kh3 Rg7 31. g4 Rxg4 32. h5 Qh4# {White checkmated} 0-1

[Event "FICS rated blitz game"]
[Site "FICS freechess.org"]
[FICSGamesDBGameNo "20001649"]
[White "PIRSQ"]
[Black "torchveteran"]
[WhiteElo "1824"]
[BlackElo "1325"]
[WhiteRD "na"]
[BlackRD "na"]
[TimeControl "300+0"]
[Date "1999.09.06"]
[Time "16:33:00"]
[WhiteClock "0:05:00.000"]
[BlackClock "0:05:00.000"]
[ECO "A40"]
[PlyCount "35"]
[Result "1-0"]

1. d4 e5 2. dxe5 f6 3. exf6 Nxf6 4. Bg5 Be7 5. e3 O-O 6. Nf3 Nc6 7. Be2 d6 8. O-O h6 9. Bh4 a6 10. Nc3 Bg4 11. Nd5 Nxd5 12. Qxd5+ Kh8 13. Bxe7 Qxe7 14. c4 Nb4 15. Qd2 Nc6 16. b4 Ne5 17. Nxe5 Qxe5 18. Bxg4 {Black resigns} 1-0

[Event "FICS rated blitz game"]
[Site "FICS freechess.org"]
[FICSGamesDBGameNo "20001648"]
[White "mrQuispel"]
[Black "duzzo"]
[WhiteElo "1297"]
[BlackElo "1109"]
[WhiteRD "na"]
[BlackRD "na"]
[TimeControl "120+12"]
[Date "1999.09.06"]
[Time "16:30:00"]
[WhiteClock "0:02:00.000"]
[BlackClock "0:02:00.000"]
[ECO "C48"]
[PlyCount "33"]
[Result "1-0"]

1. e4 e5 2. Nf3 Nc6 3. Bb5 Nf6 4. Nc3 Bc5 5. Bxc6 bxc6 6. Nxe5 d5 7. Nxc6 Qd6 8. exd5 Nxd5 9. Nxd5 Qxd5 10. Na5 Qxg2 11. Qe2+ Be7 12. Rf1 Qxh2 13. Nc6 Qd6 14. Qe4 Be6 15. Nxe7 Kxe7 16. d4 c6 17. Be3 {Black forfeits on time} 1-0

[Event "FICS rated blitz game"]
[Site "FICS freechess.org"]
[FICSGamesDBGameNo "20001647"]
[White "vadimgur"]
[Black "Clever"]
[WhiteElo "1558"]
[BlackElo "1482"]
[WhiteRD "na"]
[BlackRD "na"]
[TimeControl "180+0"]
[Date "1999.09.06"]
[Time "16:03:00"]
[WhiteClock "0:03:00.000"]
[BlackClock "0:03:00.000"]
[ECO "C40"]
[PlyCount "59"]
[Result "1-0"]

1. e4 e5 2. Nf3 Bc5 3. Bc4 Bxf2+ 4. Kxf2 d6 5. Rf1 Nf6 6. Nc3 O-O 7. Kg1 c6 8. d3 Ng4 9. h3 Qb6+ 10. d4 Nf6 11. Kh1 exd4 12. Nxd4 c5 13. Nf5 Nbd7 14. Ne7+ Kh8 15. Nxc8 Raxc8 16. Bg5 Qc6 17. Bxf6 Nxf6 18. Qf3 b5 19. Bd3 Qc7 20. Rae1 d5 21. exd5 Rcd8 22. Nxb5 Qc8 23. Nxa7 Qb8 24. Nc6 Qxb2 25. Nxd8 Rxd8 26. Re2 Qd4 27. Bxh7 Nxh7 28. Qxf7 Rg8 29. Re8 Rxe8 30. Qxe8+ {Black resigns} 1-0

[Event "FICS rated blitz game"]
[Site "FICS freechess.org"]
[FICSGamesDBGameNo "20001646"]
[White "marmot"]
[Black "Joschua"]
[WhiteElo "1792"]
[BlackElo "1545"]
[WhiteRD "na"]
[BlackRD "na"]
[TimeControl "300+0"]
[Date "1999.09.06"]
[Time "13:54:00"]
[WhiteClock "0:05:00.000"]
[BlackClock "0:05:00.000"]
[ECO "B01"]
[PlyCount "122"]
[Result "0-1"]

1. e4 d5 2. exd5 Qxd5 3. Nc3 Qa5 4. d4 c6 5. Nf3 Nf6 6. Bc4 Bf5 7. O-O e6 8. Bg5 Be7 9. Re1 Nbd7 10. a3 h6 11. Bh4 Bg4 12. h3 Bxf3 13. Qxf3 Qh5 14. Qxh5 Nxh5 15. Bxe7 Kxe7 16. d5 cxd5 17. Nxd5+ Kd8 18. Nc3 Kc7 19. Rad1 Rhd8 20. Nb5+ Kc8 21. Nd6+ Kc7 22. Nxf7 Rf8 23. Bxe6 Nhf6 24. Nd6 Nc5 25. Ba2 Rad8 26. b4 Rxd6 27. bxc5 Rxd1 28. Rxd1 Ne4 29. Rd5 Nc3 30. Bc4 Nxd5 31. Bxd5 Rf5 32. c4 Re5 33. Kf1 Re7 34. g3 a5 35. h4 g5 36. hxg5 hxg5 37. a4 Re8 38. f4 gxf4 39. gxf4 Rf8 40. Kf2 Rxf4+ 41. Ke3 Rh4 42. Kd3 Rh3+ 43. Kc2 Ra3 44. Kb2 Rxa4 45. Kb3 Ra1 46. Kb2 Rg1 47. Kb3 Rb1+ 48. Ka2 Rg1 49. Kb3 Rg3+ 50. Ka4 b6 51. cxb6+ Kxb6 52. Be6 Re3 53. Bd5 Re1 54. Ka3 Ra1+ 55. Kb2 Ra4 56. Kb3 Rb4+ 57. Ka3 Kc5 58. Bf7 Kd4 59. Ka2 Kc3 60. c5 Kc2 61. c6 Ra4# {White checkmated} 0-1

[Event "FICS rated blitz game"]
[Site "FICS freechess.org"]
[FICSGamesDBGameNo "20001644"]
[White "sexygrl"]
[Black "Schier"]
[WhiteElo "1234"]
[BlackElo "1142"]
[WhiteRD "na"]
[BlackRD "na"]
[TimeControl "120+12"]
[Date "1999.09.06"]
[Time "13:48:00"]
[WhiteClock "0:02:00.000"]
[BlackClock "0:02:00.000"]
[ECO "B06"]
[PlyCount "60"]
[Result "0-1"]

1. d4 g6 2. e4 Bg7 3. Nf3 c6 4. Bc4 d5 5. exd5 cxd5 6. Bb5+ Nc6 7. Nc3 Bg4 8. Qd3 Nf6 9. Bg5 O-O 10. O-O h6 11. Bxf6 Bxf6 12. Ne5 Nxe5 13. dxe5 Bxe5 14. Nxd5 Qd6 15. h3 Bh2+ 16. Kh1 Bf5 17. Qd2 Rfd8 18. Nxe7+ Qxe7 19. Qxh6 Bc7 20. Rfe1 Qd6 21. g3 a6 22. Bc4 Qf6 23. Rad1 Qg7 24. Rxd8+ Rxd8 25. Qg5 Bxh3 26. g4 Qh7 27. Rd1 Bxg4+ 28. Kg2 Qh3+ 29. Kg1 Rxd1+ 30. Bf1 Qh2# {White checkmated} 0-1

[Event "FICS rated blitz game"]
[Site "FICS freechess.org"]
[FICSGamesDBGameNo "20001643"]
[White "NicolasT"]
[Black "promoman"]
[WhiteElo "1705"]
[BlackElo "1683"]
[WhiteRD "na"]
[BlackRD "na"]
[TimeControl "180+0"]
[Date "1999.09.06"]
[Time "12:10:00"]
[WhiteClock "0:03:00.000"]
[BlackClock "0:03:00.000"]
[ECO "B88"]
[PlyCount "75"]
[Result "1-0"]

1. e4 c5 2. Nf3 d6 3. d4 cxd4 4. Nxd4 Nf6 5. Nc3 Nc6 6. Bc4 e6 7. Bb3 a6 8. Be3 Qc7 9. Qe2 b5 10. f3 Na5 11. O-O-O Bb7 12. g4 Rc8 13. g5 Nd7 14. h4 Nc4 15. Bxc4 Qxc4 16. Qxc4 Rxc4 17. Nb3 Ne5 18. Rhf1 b4 19. Na4 Rc7 20. Bb6 Rc8 21. Na5 Ba8 22. Rd4 d5 23. f4 Nc4 24. Nxc4 Rxc4 25. Rxc4 dxc4 26. Re1 Be7 27. f5 O-O 28. Bd4 Rd8 29. c3 b3 30. axb3 cxb3 31. f6 gxf6 32. gxf6 Bf8 33. Nb6 Bh6+ 34. Kb1 Bc6 35. Nc4 Bb5 36. Ne5 Rd6 37. Rg1+ Kh8 38. Nxf7# {Black checkmated} 1-0

[Event "FICS rated blitz game"]
[Site "FICS freechess.org"]
[FICSGamesDBGameNo "20001642"]
[White "CMerli"]
[Black "Markog"]
[WhiteElo "1766"]
[BlackElo "1750"]
[WhiteRD "na"]
[BlackRD "na"]
[TimeControl "300+0"]
[Date "1999.09.06"]
[Time "10:41:00"]
[WhiteClock "0:05:00.000"]
[BlackClock "0:05:00.000"]
[ECO "A31"]
[PlyCount "115"]
[Result "0-1"]

1. c4 Nf6 2. Nc3 c5 3. Nf3 g6 4. d4 cxd4 5. Nxd4 Bg7 6. e4 d6 7. f3 O-O 8. Be3 a6 9. Qd2 Re8 10. Be2 Nc6 11. O-O Qc7 12. Rac1 b6 13. Nd5 Qb7 14. Nxc6 Qxc6 15. Nxb6 Rb8 16. Nxc8 Rexc8 17. b3 h5 18. Bd4 h4 19. Rc2 h3 20. g3 Nh5 21. Bxg7 Nxg7 22. Rfc1 Ne6 23. Bf1 Qc5+ 24. Qf2 Nd4 25. Rc3 e6 26. Rd1 e5 27. Rd2 a5 28. Bxh3 Rf8 29. Bd7 Rb7 30. Ba4 f5 31. exf5 Rxf5 32. Kg2 Rbf7 33. Rdd3 e4 34. Rxd4 Rxf3 35. Rxf3 Rxf3 36. Qb2 Rd3 37. Rxd3 exd3 38. Qd2 Qd4 39. Bc6 Kf7 40. Bf3 Ke6 41. Bg4+ Kf6 42. Bf3 Ke6 43. Qe1+ Kf6 44. Qf2 Qc3 45. Qe3 Qc2+ 46. Kh3 d2 47. Qd4+ Kf7 48. a3 Qf5+ 49. Bg4 Qc2 50. Bf3 Qf5+ 51. Bg4 Qf1+ 52. Kh4 g5+ 53. Kxg5 Qe1 54. Qd5+ Ke7 55. Qd3 Qe5+ 56. Kh4 Qf6+ 57. Kh3 Qf2 58. Qe2+ {White forfeits on time} 0-1

[Event "FICS rated blitz game"]
[Site "FICS freechess.org"]
[FICSGamesDBGameNo "20001641"]
[White "rts"]
[Black "Hasdrubal"]
[WhiteElo "1441"]
[BlackElo "1772"]
[WhiteRD "na"]
[BlackRD "na"]
[TimeControl "300+0"]
[Date "1999.09.06"]
[Time "10:41:00"]
[WhiteClock "0:05:00.000"]
[BlackClock "0:05:00.000"]
[ECO "A05"]
[PlyCount "62"]
[Result "0-1"]

1. Nf3 Nf6 2. b3 d6 3. Bb2 Nbd7 4. g3 e5 5. d3 g6 6. Bg2 Bg7 7. Nbd2 O-O 8. O-O Nh5 9. c4 f5 10. Rc1 Qe7 11. Rc2 Nc5 12. Qa1 c6 13. b4 Na4 14. e4 Nxb2 15. Qxb2 f4 16. a4 Bg4 17. Qb3 Kh8 18. c5 Be6 19. Qb1 d5 20. exd5 cxd5 21. c6 bxc6 22. Rxc6 Qd7 23. Qc2 Rac8 24. Rc1 fxg3 25. fxg3 e4 26. dxe4 dxe4 27. Nxe4 Rxc6 28. Qxc6 Qxc6 29. Rxc6 Bd5 30. Rc5 Bxe4 31. Rxh5 gxh5 {White forfeits on time} 0-1

[Event "FICS rated blitz game"]
[Site "FICS freechess.org"]
[FICSGamesDBGameNo "20001640"]
[White "specter"]
[Black "solbes"]
[WhiteElo "1378"]
[BlackElo "1312"]
[WhiteRD "na"]
[BlackRD "na"]
[TimeControl "120+12"]
[Date "1999.09.06"]
[Time "10:37:00"]
[WhiteClock "0:02:00.000"]
[BlackClock "0:02:00.000"]
[ECO "A00"]
[PlyCount "48"]
[Result "0-1"]

1. g3 e5 2. Bg2 Nc6 3. Nf3 Bc5 4. Nc3 Nf6 5. O-O O-O 6. d3 Re8 7. Bg5 h6 8. Bd2 d5 9. a3 a6 10. b4 Ba7 11. e4 dxe4 12. Nxe4 Bg4 13. Re1 Nxe4 14. Rxe4 Bf5 15. Re2 Nd4 16. Nxd4 Qxd4 17. Bxb7 Rab8 18. Bxa6 Bg4 19. Be3 Qd5 20. c4 Bxe2 21. Qxe2 Qd6 22. Bxa7 Ra8 23. Bb5 c6 24. Bc5 Qc7 {White forfeits on time} 0-1

[Event "FICS rated blitz game"]
[Site "FICS freechess.org"]
[FICSGamesDBGameNo "20001639"]
[White "tase"]
[Black "Jeeper"]
[WhiteElo "1318"]
[BlackElo "1320"]
[WhiteRD "na"]
[BlackRD "na"]
[TimeControl "300+0"]
[Date "1999.09.06"]
[Time "01:46:00"]
[WhiteClock "0:05:00.000"]
[BlackClock "0:05:00.000"]
[ECO "B32"]
[PlyCount "135"]
[Result "1-0"]

1. e4 c5 2. Nf3 Nc6 3. d4 cxd4 4. Nxd4 e5 5. Nb5 d6 6. N1c3 a6 7. Na3 h6 8. Be2 Nf6 9. O-O b5 10. Nd5 Nxe4 11. f3 Nf6 12. c3 Be6 13. Nxf6+ Qxf6 14. Be3 Be7 15. Qd2 O-O 16. f4 e4 17. Rad1 Bxa2 18. Rf2 Bb3 19. Rdf1 d5 20. f5 d4 21. cxd4 Rfd8 22. d5 Rxd5 23. Qc1 Nd4 24. Bxd4 Qxd4 25. Kh1 Bxa3 26. bxa3 Rc5 27. Qb1 Bc4 28. Bxc4 Rxc4 29. f6 g6 30. Rc2 Rac8 31. Rxc4 Rxc4 32. Rd1 Qxf6 33. Qb3 Qf2 34. Rd8+ Kg7 35. Qd1 Rc2 36. Qa1+ Qf6 37. Rd1 e3 38. Qxf6+ Kxf6 39. Kg1 Rf2 40. Re1 Ra2 41. Rxe3 Kf5 42. Rb3 Ke4 43. h3 Kd4 44. Kh2 Kc4 45. Rf3 f5 46. Kg3 Rc2 47. Kf4 Rc3 48. Rf2 Rxa3 49. Ke5 Rd3 50. Rc2+ Kb3 51. Rf2 a5 52. g4 a4 53. gxf5 gxf5 54. Rxf5 a3 55. Rf1 a2 56. Ke4 Rc3 57. Kd4 Rc4+ 58. Kd3 Kb2 59. Rf2+ Kb3 60. Rf1 Rc3+ 61. Kd2 Rc2+ 62. Kd3 Kb2 63. h4 a1=Q 64. Rxa1 Kxa1 65. Kxc2 Ka2 66. Kc3 Ka3 67. Kc2 Ka4 68. Kb2 {Black forfeits on time} 1-0

[Event "FICS rated blitz game"]
[Site "FICS freechess.org"]
[FICSGamesDBGameNo "20001637"]
[White "KingCrud"]
[Black "nimmersatt"]
[WhiteElo "1582"]
[BlackElo "1200"]
[WhiteRD "na"]
[BlackRD "na"]
[TimeControl "180+0"]
[Date "1999.09.05"]
[Time "23:07:00"]
[WhiteClock "0:03:00.000"]
[BlackClock "0:03:00.000"]
[ECO "C41"]
[PlyCount "61"]
[Result "1-0"]

1. e4 e5 2. Nf3 d6 3. Nc3 Bg4 4. Bc4 Nf6 5. d3 c6 6. Bg5 h6 7. Bh4 g5 8. Bg3 Bg7 9. h3 Bxf3 10. Qxf3 Nbd7 11. O-O-O O-O 12. h4 g4 13. Qf5 h5 14. Ne2 Bh6+ 15. Kb1 Qa5 16. f4 exf4 17. Bxf4 Qxf5 18. exf5 Bxf4 19. Nxf4 Ne5 20. Ng6 Nxg6 21. fxg6 Kg7 22. gxf7 d5 23. Bb3 Rxf7 24. Rde1 Raf8 25. c3 Nd7 26. Re2 Nc5 27. Bc2 Rf1+ 28. Re1 Rxe1+ 29. Rxe1 Na4 30. Re7+ Kg8 31. Re1 {Black forfeits on time} 1-0

[Event "FICS rated blitz game"]
[Site "FICS freechess.org"]
[FICSGamesDBGameNo "20001636"]
[White "footloose"]
[Black "DEP"]
[WhiteElo "1358"]
[BlackElo "1296"]
[WhiteRD "na"]
[BlackRD "na"]
[TimeControl "120+12"]
[Date "1999.09.05"]
[Time "21:57:00"]
[WhiteClock "0:02:00.000"]
[BlackClock "0:02:00.000"]
[ECO "D35"]
[PlyCount "168"]
[Result "1/2-1/2"]

1. d4 d5 2. c4 e6 3. Nc3 Nf6 4. cxd5 exd5 5. Nf3 c5 6. e3 Ne4 7. Qc2 f5 8. Bb5+ Bd7 9. Bxd7+ Qxd7 10. Ne5 Qd6 11. Qa4+ Nc6 12. Nxc6 bxc6 13. Nxe4 dxe4 14. dxc5 Qxc5 15. O-O Bd6 16. a3 O-O 17. Rd1 Qe5 18. g3 h5 19. Qc4+ Kh8 20. Rb1 h4 21. Bd2 h3 22. Bc3 Qc5 23. Qe6 Bf4 24. exf4 Kh7 25. Bb4 Qb5 26. Bxf8 Rxf8 27. Qe7 Rg8 28. Qh4+ Kg6 29. Rd6+ Kf7 30. Rd7+ Kg6 31. Qxh3 Rf8 32. b4 Qe2 33. Rd6+ Rf6 34. Rxf6+ Kxf6 35. Qh4+ Kf7 36. Qd8 e3 37. fxe3 Qxe3+ 38. Kf1 Qf3+ 39. Ke1 Qh1+ 40. Kd2 Qxb1 41. Qc7+ Kg8 42. Qxc6 Qb2+ 43. Kd1 Qxh2 44. Qe6+ Kh8 45. Qxf5 Qxg3 46. Qh5+ Kg8 47. Qd5+ Kh8 48. Qa8+ Kh7 49. Qxa7 Qxf4 50. Kc2 Qe4+ 51. Kb3 Qd5+ 52. Ka4 Qc6+ 53. Ka5 Qd5+ 54. Qc5 Qa8+ 55. Kb5 Qxa3 56. Qc4 Qa7 57. Qh4+ Kg8 58. Kc4 Qc7+ 59. Kb3 Qb6 60. Qc4+ Kh7 61. b5 g6 62. Qc6 Qe3+ 63. Kb4 Qd4+ 64. Ka5 Qa1+ 65. Kb6 Qd4+ 66. Kb7 g5 67. b6 g4 68. Kc7 Qe5+ 69. Qd6 Qc3+ 70. Qc6 Qe5+ 71. Kc8 Qh8+ 72. Kc7 Qe5+ 73. Qd6 Qc3+ 74. Kb7 g3 75. Qc7+ Qg7 76. Ka7 g2 77. Qxg7+ Kxg7 78. Ka8 g1=Q 79. b7 Qa1+ 80. Kb8 Qe5+ 81. Kc8 Qc5+ 82. Kb8 Qd6+ 83. Ka8 Qa6+ 84. Kb8 Qxb7+ {Game drawn by mutual agreement} 1/2-1/2

[Event "FICS rated blitz game"]
[Site "FICS freechess.org"]
[FICSGamesDBGameNo "20001635"]
[White "menTALy"]
[Black "kingcas"]
[WhiteElo "1472"]
[BlackElo "1455"]
[WhiteRD "na"]
[BlackRD "na"]
[TimeControl "120+5"]
[Date "1999.09.05"]
[Time "17:26:00"]
[WhiteClock "0:02:00.000"]
[BlackClock "0:02:00.000"]
[ECO "C84"]
[PlyCount "46"]
[Result "0-1"]

1. e4 e5 2. Nf3 Nc6 3. Bb5 a6 4. Ba4 Nf6 5. O-O Be7 6. c3 b5 7. Bc2 O-O 8. d4 d6 9. h3 Re8 10. a4 Bb7 11. a5 exd4 12. cxd4 Nb4 13. Bb3 Bxe4 14. Bd2 Nc6 15. Ng5 Bg6 16. Re1 Nxd4 17. Ba2 Rb8 18. Bc3 Nc6 19. h4 Bf8 20. Na3 Rxe1+ 21. Bxe1 h6 22. Nh3 Ne4 23. Nf4 Bh7 {White forfeits on time} 0-1

[Event "FICS rated blitz game"]
[Site "FICS freechess.org"]
[FICSGamesDBGameNo "20001634"]
[White "ChrisofTrier"]
[Black "gabriela"]
[WhiteElo "1659"]
[BlackElo "1488"]
[WhiteRD "na"]
[BlackRD "na"]
[TimeControl "360+0"]
[Date "1999.09.05"]
[Time "12:42:00"]
[WhiteClock "0:06:00.000"]
[BlackClock "0:06:00.000"]
[ECO "B05"]
[PlyCount "65"]
[Result "1-0"]

1. e4 Nf6 2. e5 Nd5 3. d4 d6 4. Nf3 Bg4 5. Be2 Nc6 6. O-O e6 7. c4 Nb6 8. Nc3 Be7 9. exd6 cxd6 10. Be3 O-O 11. h3 Bh5 12. b3 Rc8 13. a4 d5 14. a5 Na8 15. c5 Nxa5 16. b4 Nc6 17. b5 Na5 18. Qa4 b6 19. Nd2 Bxe2 20. Nxe2 Bf6 21. c6 Nc7 22. Nb3 Nxb3 23. Qxb3 Ra8 24. Ra4 a5 25. bxa6 Rxa6 26. Rxa6 Nxa6 27. Ra1 Nb8 28. Qb5 Qc7 29. Rc1 Rc8 30. Bf4 e5 31. dxe5 Bxe5 32. Bxe5 Qxe5 33. c7 {Black forfeits on time} 1-0

[Event "FICS rated blitz game"]
[Site "FICS freechess.org"]
[FICSGamesDBGameNo "20001633"]
[White "garyjaz"]
[Black "picus"]
[WhiteElo "1692"]
[BlackElo "1924"]
[WhiteRD "na"]
[BlackRD "na"]
[TimeControl "180+0"]
[Date "1999.09.05"]
[Time "10:49:00"]
[WhiteClock "0:03:00.000"]
[BlackClock "0:03:00.000"]
[ECO "B34"]
[PlyCount "129"]
[Result "1-0"]

1. e4 c5 2. Nf3 Nc6 3. d4 cxd4 4. Nxd4 g6 5. Nc3 Bg7 6. Be3 Nf6 7. Nb3 O-O 8. Bd3 d5 9. exd5 Nxd5 10. Bd2 Ncb4 11. Nxd5 Nxd3+ 12. cxd3 Qxd5 13. O-O Qxd3 14. Nc5 Qd6 15. Ne4 Qd4 16. Re1 Qxb2 17. Qf3 Qxa1 18. Rxa1 Bxa1 19. Ng5 Bg7 20. h4 h6 21. Ne4 h5 22. Bg5 Bg4 23. Qb3 Rad8 24. Bxe7 Rd1+ 25. Kh2 Be5+ 26. g3 Bf3 27. Qxf3 Rfd8 28. Bxd8 Rxd8 29. Qb3 Rd7 30. Nc5 Rd2 31. Ne4 Rd7 32. Qb5 Re7 33. Qc5 Re8 34. Qxa7 Bb8 35. Qd4 Be5 36. Qd5 Kg7 37. Ng5 Re7 38. f4 Bf6 39. Nf3 Re2+ 40. Kh3 Re7 41. Ne5 Rc7 42. Nf3 Re7 43. a4 Rc7 44. Nd4 Re7 45. Nb5 Bb2 46. a5 Bf6 47. Nd6 Rd7 48. Ne8+ Kf8 49. Qxd7 Be7 50. Nc7 Bb4 51. Qe8+ Kg7 52. Nd5 Bf8 53. Qe5+ Kg8 54. Nf6+ Kg7 55. Nd7+ Kg8 56. Nxf8 Kxf8 57. Qb8+ Ke7 58. Qxb7+ Kf6 59. a6 Kg7 60. a7 Kh7 61. a8=Q Kg7 62. Qd5 Kf6 63. Qe8 Kg7 64. Qdxf7+ Kh6 65. Qh8# {Black checkmated} 1-0

[Event "FICS rated blitz game"]
[Site "FICS freechess.org"]
[FICSGamesDBGameNo "20001632"]
[White "lyrad"]
[Black "pietro"]
[WhiteElo "1129"]
[BlackElo "1071"]
[WhiteRD "na"]
[BlackRD "na"]
[TimeControl "300+5"]
[Date "1999.09.05"]
[Time "09:15:00"]
[WhiteClock "0:05:00.000"]
[BlackClock "0:05:00.000"]
[ECO "D21"]
[PlyCount "44"]
[Result "0-1"]

1. d4 d5 2. c4 dxc4 3. Nf3 Bg4 4. e4 Nc6 5. d5 Bxf3 6. Qxf3 Ne5 7. Qb3 Nf6 8. Nc3 e6 9. Bg5 exd5 10. exd5 Qd6 11. Qb5+ c6 12. Qxb7 Rb8 13. Qxa7 cxd5 14. O-O-O Nd3+ 15. Kb1 Rxb2+ 16. Ka1 Qb4 17. Qa8+ Ke7 18. Qa7+ Ke8 19. Bxd3 Rxf2 20. Rhe1+ Ne4 21. Rb1 Qxc3+ 22. Rb2 Qxb2# {White checkmated} 0-1

[Event "FICS rated blitz game"]
[Site "FICS freechess.org"]
[FICSGamesDBGameNo "20001631"]
[White "Farendil(FM)"]
[Black "Michiel"]
[WhiteElo "2136"]
[BlackElo "2096"]
[WhiteRD "na"]
[BlackRD "na"]
[TimeControl "300+0"]
[Date "1999.09.05"]
[Time "06:59:00"]
[WhiteClock "0:05:00.000"]
[BlackClock "0:05:00.000"]
[ECO "A81"]
[PlyCount "124"]
[Result "0-1"]

1. d4 f5 2. g3 Nf6 3. Bg2 g6 4. Nh3 Bg7 5. O-O O-O 6. c4 e6 7. Nd2 d6 8. Nf3 Nbd7 9. Nf4 Qe7 10. b3 c6 11. Ba3 Re8 12. Rc1 Ne4 13. e3 g5 14. Nd3 Qf6 15. c5 g4 16. Nd2 d5 17. b4 e5 18. Bb2 Qg5 19. dxe5 Nxe5 20. Nxe5 Bxe5 21. Bxe5 Rxe5 22. Nb3 Bd7 23. Nd4 Rae8 24. a4 h5 25. b5 h4 26. a5 Qg6 27. a6 bxa6 28. bxa6 Bc8 29. Qa4 Bd7 30. Rfd1 hxg3 31. hxg3 R5e7 32. Ne2 Nxf2 33. Kxf2 Rxe3 34. Nf4 Qg7 35. Qd4 Qh6 36. Qxe3 Rxe3 37. Kxe3 Bc8 38. Bf1 Qh2 39. Ne2 f4+ 40. gxf4 g3 41. Nd4 g2 42. Be2 Qg3+ 43. Bf3 Bh3 44. Rg1 Qg7 45. Kf2 Qxd4+ 46. Kg3 Bf5 47. Rxg2 Kf8 48. Re2 Bd3 49. Re5 Bxa6 50. Rh1 Bd3 51. Bg4 Bg6 52. Re6 a5 53. Rxg6 Qd3+ 54. Kh4 Qxg6 55. f5 Qh6+ 56. Bh5 Qf4+ 57. Bg4 a4 58. Ra1 Qh2+ 59. Kg5 Qd2+ 60. Kg6 Qc2 61. Bh5 Qg2+ 62. Kf6 Qg7+ {White forfeits on time} 0-1

[Event "FICS rated blitz game"]
[Site "FICS freechess.org"]
[FICSGamesDBGameNo "20001630"]
[White "Alenichev"]
[Black "laikun"]
[WhiteElo "1504"]
[BlackElo "1720"]
[WhiteRD "na"]
[BlackRD "na"]
[TimeControl "300+0"]
[Date "1999.09.05"]
[Time "04:02:00"]
[WhiteClock "0:05:00.000"]
[BlackClock "0:05:00.000"]
[ECO "B33"]
[PlyCount "49"]
[Result "1-0"]

1. e4 c5 2. Nf3 Nc6 3. d4 cxd4 4. Nxd4 Nf6 5. Nc3 e5 6. Ndb5 d6 7. Nd5 Nxd5 8. exd5 Ne7 9. c4 a6 10. Qa4 axb5 11. Qxa8 g6 12. c5 Bg7 13. Bxb5+ Kf8 14. Bg5 f6 15. cxd6 Qxd6 16. Rc1 Qb4+ 17. Bd2 Qxb5 18. d6 Kf7 19. dxe7 Be6 20. Qa3 Bg4 21. Qb3+ Qxb3 22. axb3 Kxe7 23. Rc7+ Bd7 24. Rxb7 Rc8 25. O-O {Black resigns} 1-0